 Dungeon Crawl Stone Soup version 0.31-a0-435-g2c6fae2916 (webtiles) character file.

Game seed: 12953363919264200204

15143 RepHenryClay the Severer (level 11, -1/141 HPs)
             Began as a Grey Draconian Berserker on Aug 1, 2023.
             Was a High Priest of Trog.
             Slain by a slime creature (14 damage)
             ... on level 11 of the Dungeon on Aug 2, 2023.
             The game lasted 00:15:16 (9777 turns).

RepHenryClay the Severer (Grey Draconian Berserker) Turns: 9777, Time: 00:15:16

Health: -1/141     AC: 13    Str: 19    XL:     11   Next: 98%
Magic:  11/11      EV: 18    Int:  8    God:    Trog [*****.]
Gold:   784        SH:  0    Dex: 15    Spells: 10/10 levels left

rFire   + + .        a - +5 battleaxe
rCold   + + .        (shield currently unavailable)
rNeg    . . .        (body armour unavailable)
rPois   .            (helmet restricted)
rElec   .            (no cloak)
rCorr   .            A - +0 pair of gloves of Fipn {rC++}
SInv    .            (no boots)
Will    .....        e - amulet of Mistrust {*Slow Fly rF+ Regen+} Stlth
                     J - +4 ring of slaying
HPRegen 1.23/turn    p - ring of protection from fire
MPRegen 0.12/turn

%: slow self (1%)
@: berserking, flying, studying Axes, very quick
A: AC +12, amphibious, unfitting armour, cold-blooded
a: Renounce Religion, Berserk, Trog's Hand, Brothers in Arms


You were on level 11 of the Dungeon.
You worshipped Trog.
Trog was extremely pleased with you.
You visited 2 branches of the dungeon, and saw 13 of its levels.

You collected 784 gold pieces.

Inventory:

Hand Weapons
 a - a +5 battleaxe (weapon)
 b - a +2 battleaxe of venom
 g - a +0 war axe
 v - the +8 trident of Saltpetre {heavy, Drain rN++ rCorr Stlth+}
   (You found it on level 5 of the Dungeon)

   rN:        It greatly protects you from negative energy.
   rCorr:     It protects you from acid and corrosion.
   Drain:     It drains your maximum health when unequipped.
   Stlth:     It makes you more stealthy.
 y - a +0 hand axe
 E - a +2 hand axe of flaming
Missiles
 x - 2 throwing nets
Armour
 A - the +0 pair of gloves of Fipn (worn) {rC++}
   (You acquired it on level 6 of the Dungeon)

   rC:        It greatly protects you from cold.
 G - a +1 pair of gloves
Jewellery
 e - the amulet of Mistrust (around neck) {*Slow Fly rF+ Regen+}
   (You acquired it on level 6 of the Dungeon)

   [amulet of regeneration]

   rF:        It protects you from fire.
   Fly:       It grants you flight.
   Regen:     It increases your rate of health regeneration.
   *Slow:     It may slow you when you take damage.
 k - a ring of willpower
 p - a ring of protection from fire (right hand)
 H - a ring of positive energy
 J - a +4 ring of slaying (left hand)
Wands
 q - a wand of mindburst (16)
 r - a wand of digging (3)
 s - a wand of light (7)
 t - a wand of iceblast (9)
 u - a wand of charming (4)
 I - a wand of flame (23)
Scrolls
 h - a scroll of enchant armour
 l - 3 scrolls of teleportation
 n - a scroll of silence
 D - a scroll of fear
 K - 2 scrolls of identify {@r1}
 L - a scroll of noise {unknown}
 N - a scroll of summoning {unknown}
Potions
 c - 2 potions of degeneration
 d - 4 potions of heal wounds
 f - a potion of lignification
 i - a potion of magic {unknown}
 j - a potion of resistance
 m - 2 potions of might {unknown}
 o - a potion of berserk rage {unknown}
 w - 5 potions of curing {unknown}
 z - a potion of haste {unknown}
 B - a potion of mutation {unknown}
 C - a potion of ambrosia {unknown}
 F - a potion of brilliance {unknown}
 M - a potion of cancellation {unknown}
 O - a potion of enlightenment {unknown}


   Skills:
 + Level 8.0 Fighting
 + Level 15.3 Axes
 - Level 11.6 Dodging


You had 10 spell levels left.
You didn't know any spells.
Your spell library was empty.

Dungeon Overview and Level Annotations

Branches:
Dungeon (12/15)            Temple (0/1) D:7            Lair (0/5) D:8
    Orc (1/2) D:11

Altars:
Ashenzari
Fedhas
Okawaru
Ru
Wu Jian
Xom
Zin
The Shining One

Shops:
D:6 (

Portals:
Trove: D:11 (give +4 fire dragon scales)

Annotations:
D:4 3 runed translucent doors, XomNomNom's ghost, weakling HODe; pigah's ghost, amateur OpSh; randomguy2701's ghost, amateur OgGl
D:10 1 runed translucent door, juan097's ghost, journeyman DjAE
D:11 3 runed translucent doors


Innate Abilities, Weirdness & Mutations

Your dull iron-grey scales are very hard. (AC +12)
You are amphibious.
You cannot fit into any form of body armour.
You are cold-blooded and may be slowed by cold attacks.


Message History

You fly downwards.
Level annotation: 3 runed translucent doors
There is a stone staircase leading up, spattered with blood here.
You see here a +0 halberd.
There is an open door here.
There is an open door here.
Found a book of Conjurations.
You reach down and open the door. 4 slime creatures come into view.
Found 24 gold pieces.
There are monsters nearby!
You slash the slime creature!
Your tail-slap misses the slime creature.
The slime creature is lightly wounded.
The slime creature quivers.
The slime creature hits you!
A slime creature comes into view.
Two slime creatures merge to form a large slime creature.
Damage: -7%(-7hp) hp: 93%(87hp)
The slime creature quivers.
Two slime creatures merge to form a very large slime creature.
Two slime creatures merge to form an enormous slime creature.
A red film seems to cover your vision as you go berserk!
You feel yourself moving faster!
You feel mighty!
The enormous slime creature hits you!!!!
Ouch! That really hurt!
Huge Dmg: -18%(-25hp) hp: 49%(69hp)
You slash the enormous slime creature!
You tail-slap the enormous slime creature!
The enormous slime creature is lightly wounded.
The enormous slime creature hits you!!!
* * * LOW HITPOINT WARNING * * *
Huge Dmg: -40%(-57hp) hp: 9%(12hp)
You slice the enormous slime creature!!
The enormous slime creature is moderately wounded.
You slash the slime creature!
You barely miss the enormous slime creature.
The enormous slime creature is moderately wounded.
You hit the slime creature. The slime creature hits you!
You die...

######..........#
#
#..:............#
#
#........########
# #........# #
#........# ##+
#........# #.J.
#........#
#..$.##........###
#....'...J@......#
#....###.J.......#
#... #.........#
### #.........#
#.........#
###########


You could see an enormous slime creature and a slime creature.

Vanquished Creatures
  4 two-headed ogres
  3 skeletal warriors
  Pikel (D:6)
  An orc knight (D:11)
  A guardian serpent (shapeshifter) (D:10)
  2 trolls
  2 hornets
  Sigmund (D:3)
  3 wyverns (D:8)
  10 yaks
  2 steam dragons (D:6)
  A basilisk (D:8)
  Menkaure (D:4)
  6 vampire mosquitoes (D:10)
  3 water moccasins (D:8)
  A warg (Orc:1)
  4 black bears
  12 orc warriors
  3 sky beasts
  3 ogres (D:4)
  A wolf (D:8)
  2 lemures (D:6)
  A kobold brigand (D:7)
  6 bullfrogs
  A gnoll sergeant (D:5)
  6 scorpions
  9 wights
  18 killer bees
  An electric eel (D:10)
  5 howler monkeys
  4 hounds
  3 gnoll boudas
  6 orc priests
  Ijyb (D:4)
  Jessica (D:2)
  3 iguanas
  A sleepcap (D:6)
  5 orc wizards
  Robin (D:4)
  8 adders
  17 gnolls
  A shadow imp (D:8)
  2 white imps
  A dart slug (D:1)
  54 orcs
  4 ball pythons
  5 endoplasms
  3 giant cockroaches
  17 goblins
  12 hobgoblins
  3 quokkas
  2 bats
  4 frilled lizards
  4 kobolds (D:2)
  4 rats
280 creatures vanquished.

Vanquished Creatures (others)
  An orc (D:7)
1 creature vanquished.

Grand Total: 281 creatures vanquished

Notes
Turn   | Place    | Note
-------+----------+-------------------------------------------
     0 | D:1      | RepHenryClay the Draconian Berserker began the quest for
                  | the Orb.
     0 | D:1      | Reached XP level 1. HP: 19/19 MP: 1/1
   316 | D:1      | Reached XP level 2. HP: 26/26 MP: 2/2
  1094 | D:2      | Reached XP level 3. HP: 31/31 MP: 3/3
  1219 | D:2      | Noticed Jessica
  1245 | D:2      | HP: 2/46 [Jessica/+2 dagger of speed (2)]
  1250 | D:2      | Killed Jessica
  1251 | D:2      | Reached skill level 4 in Axes
  1251 | D:2      | Reached XP level 4. HP: 5/38 MP: 4/4
  1659 | D:2      | Found a blossoming altar of Fedhas.
  2177 | D:3      | Reached XP level 5. HP: 45/45 MP: 5/5
  2180 | D:3      | Reached ** piety under Trog
  2745 | D:4      | Noticed Sigmund
  2753 | D:3      | Reached skill level 5 in Axes
  2789 | D:4      | Noticed an ogre
  2798 | D:3      | Killed Sigmund
  2799 | D:3      | Reached skill level 5 in Dodging
  2799 | D:3      | Reached XP level 6. HP: 51/51 MP: 6/6
  2901 | D:4      | Reached skill level 6 in Axes
  2901 | D:4      | Your scales start taking on a dull iron-grey colour.
  2901 | D:4      | Reached XP level 7. HP: 57/57 MP: 7/7
  3081 | D:4      | Noticed Menkaure
  3083 | D:4      | Found a runed translucent gate.
  3083 | D:4      | Found a runed translucent gate.
  3088 | D:4      | Killed Menkaure
  3437 | D:4      | Found a runed translucent gate.
  3443 | D:4      | Noticed XomNomNom's ghost (weakling HODe)
  3444 | D:4      | Noticed pigah's ghost (amateur OpSh)
  3445 | D:4      | Noticed randomguy2701's ghost (amateur OgGl)
  3486 | D:4      | Found a glowing silver altar of Zin.
  3507 | D:4      | Noticed Ijyb
  3520 | D:4      | Killed Ijyb
  3595 | D:4      | Noticed Robin
  3608 | D:4      | Reached skill level 7 in Axes
  3609 | D:4      | Killed Robin
  3663 | D:5      | Entered Level 5 of the Dungeon
  3703 | D:5      | Identified the +8 trident of Saltpetre {heavy, Drain rN++
                  | rCorr Stlth+}
  3766 | D:5      | Reached XP level 8. HP: 52/63 MP: 8/8
  4792 | D:6      | Reached skill level 8 in Axes
  4928 | D:6      | Identified 2 scrolls of acquirement
  4928 | D:6      | Acquired the +0 pair of gloves of Fipn {rC++}
  4940 | D:6      | Acquired the amulet of Mistrust {*Slow Fly rF+ Regen+}
  5029 | D:6      | Found Wiestyj's Antique Weapon Shop.
  5105 | D:6      | Reached *** piety under Trog
  5302 | D:6      | Noticed Pikel
  5342 | D:6      | Reached XP level 9. HP: 70/70 MP: 9/9
  5409 | D:6      | Killed Pikel
  5410 | D:6      | Reached skill level 9 in Axes
  5660 | D:7      | Found a shimmering altar of Xom.
  5662 | D:7      | Found a shimmering altar of Xom.
  5672 | D:7      | Found a shimmering altar of Xom.
  5672 | D:7      | Found a shimmering altar of Xom.
  5675 | D:7      | Found a shimmering altar of Xom.
  5717 | D:7      | Found a staircase to the Ecumenical Temple.
  5751 | D:7      | Found a broken altar of Ashenzari.
  5787 | D:7      | Reached skill level 10 in Axes
  5985 | D:7      | Reached **** piety under Trog
  6138 | D:7      | Paralysed by a hornet for 3 turns
  6258 | D:7      | Reached XP level 10. HP: 77/77 MP: 10/10
  6532 | D:8      | Noticed a two-headed ogre
  6537 | D:8      | Killed a two-headed ogre
  6538 | D:8      | Reached skill level 11 in Axes
  6538 | D:8      | Reached skill level 10 in Dodging
  6584 | D:8      | Paralysed by a hornet for 2 turns
  7157 | D:8      | Found a staircase to the Lair.
  7218 | D:8      | Reached skill level 12 in Axes
  7842 | D:9      | Reached XP level 11. HP: 66/82 MP: 11/11
  7922 | D:9      | Noticed a two-headed ogre
  7930 | D:9      | Killed a two-headed ogre
  7998 | D:9      | Acquired a manual of Axes
  8192 | D:9      | Noticed a two-headed ogre
  8197 | D:9      | Killed a two-headed ogre
  8260 | D:10     | Entered Level 10 of the Dungeon
  8277 | D:10     | Reached skill level 13 in Axes
  8354 | D:10     | Reached skill level 5 in Fighting
  8356 | D:10     | Reached ***** piety under Trog
  8412 | D:10     | Found an iron altar of Okawaru.
  8412 | D:10     | Found a glowing golden altar of the Shining One.
  8482 | D:10     | Found a runed translucent door.
  8482 | D:10     | Noticed juan097's ghost (journeyman DjAE)
  8626 | D:10     | Noticed a two-headed ogre
  8631 | D:10     | Killed a two-headed ogre
  8681 | D:10     | You are sucked into a shaft and drop 2 floors!
  8687 | D:12     | Noticed a boulder beetle
  8708 | D:12     | Noticed a two-headed ogre
  8896 | D:10     | Found an ornate altar of the Wu Jian Council.
  8896 | D:10     | Found a sacrificial altar of Ru.
  8901 | D:10     | Reached skill level 14 in Axes
  9046 | D:11     | Found a portal to a secret trove of treasure.
  9054 | D:11     | Found a runed translucent gate.
  9055 | D:11     | Found a runed translucent gate.
  9055 | D:11     | Found a runed translucent gate.
  9095 | D:11     | Found a staircase to the Orcish Mines.
  9269 | D:11     | Noticed a skeletal warrior
  9269 | D:11     | Noticed a skeletal warrior
  9269 | D:11     | Noticed a skeletal warrior
  9269 | D:11     | Noticed a skeletal warrior
  9411 | Orc:1    | Entered Level 1 of the Orcish Mines
  9411 | Orc:1    | Noticed an orc knight
  9415 | Orc:1    | Noticed an orc knight
  9430 | D:11     | Killed an orc knight
  9541 | D:10     | Killed a skeletal warrior
  9542 | D:10     | Reached skill level 15 in Axes
  9616 | D:10     | Killed a skeletal warrior
  9678 | D:11     | Killed a skeletal warrior
  9777 | D:11     | Slain by a slime creature

Illustrated notes

Levels and vault maps discovered:
D:1:      minmay_arrival_diagonal_passages, layout_loops_ring,
          chequers_big_river
D:2:      kennysheep_big_flooded_room, layout_basic, basic_altar,
          minmay_misc_feat_encased, minmay_misc_feat_diagonals,
          nrook_loot_triangle, uniq_jessica
D:3:      layout_basic, minmay_misc_feat_more_columns, minmay_misc_feat_iff
D:4:      layout_rooms, zin_statuary, gammafunk_ghost_cemetery, uniq_robin,
          uniq_sigmund, uniq_menkaure, uniq_ijyb
D:5:      layout_loops_corners
D:6:      layout_gridville, serial_shops, shop, uniq_pikel
D:7:      minmay_s_stair_smasher, layout_basic, xom_redecorated,
          mainiacjoe_overflow_boulevard, temple_green
D:8:      layout_loops_ring, minmay_lair_entry_grove
D:9:      layout_grid_maze
D:10:     layout_basic, gammafunk_temple_overflow_elements,
          nicolae_overflow_squiral, hellmonk_ghost_big_iron
D:11:     layout_basic, david_orc_2, nicolae_trove_entry_isolated,
          gammafunk_ghost_ooze
D:12:     layout_cave_pools, minmay_misc_feat_roman
Orc:1:    layout_caves

Skill      XL: |  1  2  3  4  5  6  7  8  9 10 11 |
---------------+----------------------------------+-----
Dodging        | 3 4 5 6 8 9 11 | 11.6
Axes           | 4 5 6 7 8 10 12 15 | 15.3
Fighting       | 8 |  8.0

Action                     |  1- 3 |  4- 6 |  7- 9 | 10-12 || total
---------------------------+-------+-------+-------+-------++-------
  Melee: Hand axe          |    96 |    88 |    60 |       ||   244
         Tailslap          |     8 |    13 |    27 |    51 ||    99
         Trident           |       |       |   204 |   189 ||   393
         Punch             |       |       |     2 |     2 ||     4
         Battleaxe         |       |       |       |   125 ||   125
 Invoke: Berserk           |     2 |     6 |     6 |    10 ||    24
    Use: Scroll            |       |       |    11 |     6 ||    17
         Potion            |       |       |       |     3 ||     3
   Stab: Sleeping          |       |       |     7 |     4 ||    11
         Distracted        |       |       |     1 |       ||     1
 Armour: Skin              |    35 |    27 |   129 |    94 ||   285
  Dodge: Dodged            |    67 |    69 |   287 |   364 ||   787

Table legend: (Time is in decaauts)
 A = Elapsed time spent in this place.
 B = Non-inter-level travel time spent in this place.
 C = Inter-level travel time spent in this place.
 D = Time resting spent in this place.
 E = Time spent auto-exploring this place.
 F = Levels seen in this place.
 G = Mean time per level.
                   A        B        C        D        E       F      G
               +--------+--------+--------+--------+--------+-----+--------+
         Total |  10221 |   9952 |    269 |    980 |   6949 |  13 |  786.2 |
       Dungeon |  10201 |   9932 |    269 |    980 |   6949 |  12 |  850.1 |
  Orcish Mines |     20 |     20 |      0 |      0 |      0 |   1 |   20.0 |
               +--------+--------+--------+--------+--------+-----+--------+

Top non-repeatable levels by time:
     D:5: 1099 daAuts
     D:1: 1087 daAuts
     D:2: 1043 daAuts
     D:8: 1014 daAuts
     D:6: 912 daAuts
    D:10: 905 daAuts
     D:7: 905 daAuts
     D:9: 896 daAuts
     D:3: 883 daAuts
     D:4: 807 daAuts
    D:11: 614 daAuts
    D:12: 30 daAuts
   Orc:1: 20 daAuts
